 Dungeon Crawl Stone Soup version 0.29.1-13-g9f3cf754e1 (webtiles) character file.

Game seed: 10202248492070827666

72 croobank the Conjurer (level 4, -3/27 HPs)
             Began as an Octopode Conjurer on Feb 8, 2023.
             Slain by an ogre
             ... wielding a +0 giant spiked club
              (30 damage)
             ... on level 2 of the Dungeon.
             The game lasted 00:03:23 (1803 turns).

croobank the Conjurer (Octopode Conjurer)           Turns: 1803, Time: 00:03:24

Health: -3/27      AC:  1    Str:  6    XL:     4   Next: 25%
Magic:  8/8        EV: 13    Int: 22    God:
Gold:   88         SH:  0    Dex: 10    Spells: 5/8 levels left

rFire   . . .      SeeInvis .   q - +0 bardiche
rCold   . . .      Faith    .   (shield currently unavailable)
rNeg    . . .      Spirit   .   (helmet restricted)
rPois   .          Reflect  .   (no amulet)
rElec   .          Harm     .   (no ring)
rCorr   .          Rampage  .   (no ring)
Will    .....                   (no ring)
Stlth   +++.......              (no ring)
HPRegen 0.09/turn               (no ring)
MPRegen 0.11/turn               (no ring)
                                (no ring)
                                (no ring)

@: slowed, very slow
A: almost no armour, amphibious, 8 rings, camouflage 1, gelatinous body 1,
(nimble swimmer 1), tentacles
a: no special abilities


You were on level 2 of the Dungeon.
You visited 1 branch of the dungeon, and saw 2 of its levels.

You collected 88 gold pieces.

Inventory:

Hand Weapons
 h - a +0 flail
 n - a +2 dagger of venom
 q - a +0 bardiche (weapon)
Magical Staves
 m - a staff of death
Scrolls
 f - 2 scrolls of identify
 k - 2 scrolls of immolation {unknown}
 l - a scroll of acquirement {unknown}
 o - a scroll of enchant weapon {unknown}
 p - a scroll of noise {unknown}
Potions
 a - a potion of magic
 c - a potion of heal wounds
 d - a potion of curing {unknown}
 e - a potion of cancellation {unknown}
 g - 2 potions of haste {unknown}
 j - a potion of ambrosia {unknown}
 r - a potion of invisibility {unknown}


   Skills:
 + Level 2.7 Dodging
 + Level 3.8 Stealth
 + Level 2.6 Spellcasting
 + Level 4.4 Conjurations


You had 5 spell levels left.
You knew the following spells:

 Your Spells              Type           Power      Damage    Failure   Level
a - Magic Dart            Conj           88%        1d7       1%          1
b - Searing Ray           Conj           44%        2d6       3%          2

Your spell library contained the following spells:

 Spells                   Type           Power      Damage    Failure   Level
 Dazzling Flash           Conj/Hex       24%        N/A       16%         3
 Fulminant Prism          Conj/Hex       6%         3d7       45%         4
 Iskenderun's Mystic Bla  Conj/Tloc      12%        2d5       45%         4


Dungeon Overview and Level Annotations

Branches:
Dungeon (2/15)

Altars:

Annotations:
D:2 Natasha


Innate Abilities, Weirdness & Mutations

You cannot wear most types of armour.
You are amphibious.
You can wear up to eight rings at the same time.
Your skin changes colour to match your surroundings (Stealth+).
Your rubbery body absorbs attacks. (AC +1, EV +1)
((You are camouflaged when in or above water. (Stealth+)))
You have tentacles for arms and can constrict up to eight enemies at once.


Message History

The frilled lizard hisses angrily.
Natasha casts a spell.
The hobgoblin misses you.
You barely miss the frilled lizard. Your grab misses the frilled lizard.
The hobgoblin hits you. The frilled lizard bites you.
The frilled lizard closely misses you. The hobgoblin hits you.
You hit the ogre. You squeeze the ogre.
The ogre is lightly wounded.
The ogre misses you. The hobgoblin hits you.
The frilled lizard hisses.
The frilled lizard barely misses you. The frilled lizard misses you.
The hobgoblin barely misses you. Natasha barely misses you.
The ogre misses you. The hobgoblin closely misses you.
The frilled lizard closely misses you. Natasha misses you.
Okay, then.
As you read the scroll labelled ZUWOGABB GABAPS, it crumbles to dust.
It is a scroll of identify.
c - 2 potions of heal wounds The ogre completely misses you.
The hobgoblin closely misses you. The frilled lizard bites you.
Natasha barely misses you. The frilled lizard bites you.
The hobgoblin closely misses you.
You feel much better.
Natasha casts a spell.
The ogre completely misses you. The hobgoblin barely misses you.
The frilled lizard closely misses you.
Natasha mumbles some strange words.
The air fills with toxic fumes!
As you read the scroll labelled HOEDU BEOD, it crumbles to dust.
It was a scroll of poison.
The ogre closely misses you. The hobgoblin misses you.
The frilled lizard barely misses you.
The crimson imp hits you but does no damage.
Natasha barely misses you. The crimson imp closely misses you.
The hobgoblin closely misses you. The frilled lizard barely misses you.
As you read the scroll labelled OSARIWU NUPUL, it crumbles to dust.
It is a scroll of enchant armour.
You aren't carrying any armour which can be enchanted further.
Natasha closely misses you.
The ogre hits you with a +0 giant spiked club!!
Ouch! That really hurt!
You die...

...............
...............
............##.
...........).#
.............
###############........†
§§§§§§§§§§§§§§§.........
§§§§§§l§§§§§§§§.........
§§§§§5g@§§§§§§§........#
§§§§§5hO5§§§§§§........#
§§§§§.§§§§§§§§§........#
§§§§§§§########........#
§§§§§§§ #........#
§§§§§§§ #........#
§§§§§§§ #........#
§§§§§§§ #........# ####


You could see an ogre, an iron imp (summoned), Natasha, a crimson imp
(summoned), a shadow imp (summoned), a hobgoblin and a frilled lizard.

Vanquished Creatures
  A hound (D:2)
  A gnoll (D:1)
  4 endoplasms (D:1)
  2 giant cockroaches (D:1)
  3 goblins (D:1)
  A hobgoblin (D:2)
  A quokka (D:2)
  4 ball pythons
  5 bats (D:1)
  2 frilled lizards
  2 kobolds
  7 rats (D:1)
33 creatures vanquished.

Notes
Turn   | Place    | Note
-------+----------+-------------------------------------------
     0 | D:1      | croobank the Octopode Conjurer began the quest for the Orb.
     0 | D:1      | Reached XP level 1. HP: 11/11 MP: 3/3
   295 | D:1      | Reached XP level 2. HP: 17/17 MP: 1/5
   300 | D:1      | Learned a level 2 spell: Searing Ray
   768 | D:1      | Reached XP level 3. HP: 21/21 MP: 4/6
  1498 | D:2      | Reached XP level 4. HP: 13/27 MP: 7/7
  1796 | D:2      | Noticed Natasha
  1796 | D:2      | Noticed an ogre
  1803 | D:2      | Slain by an ogre

Illustrated notes

Levels and vault maps discovered:
D:1:      minmay_arrival_hallway, layout_basic
D:2:      layout_basic, serial_shops, nicolae_shop_hallway_plus,
          ebering_ecumenical_altar_abandoned, uniq_crazy_yiuf_cottage,
          uniq_robin, uniq_natasha

Skill      XL: |  1 |
---------------+----+-----
Stealth        | 3 |  3.8
Dodging        | |  2.7
Spellcasting   | |  2.6
Conjurations   | |  4.4

Action                   |  1- 3 |  4- 6 || total
-------------------------+-------+-------++-------
Melee: Unarmed           |     8 |       ||     8
       Tentacles         |     5 |     2 ||     7
       Constrict         |     2 |     2 ||     4
       Flail             |     1 |       ||     1
       Dagger            |     5 |    11 ||    16
       Bardiche          |       |     2 ||     2
 Cast: Magic Dart        |    26 |       ||    26
       Searing Ray       |     7 |       ||     7
  Use: Scroll            |       |     3 ||     3
       Potion            |       |     1 ||     1
 Stab: Sleeping          |     1 |     1 ||     2
Armor: Skin              |       |     1 ||     1
Dodge: Dodged            |     7 |    32 ||    39
